 Dungeon Crawl Stone Soup version 0.29.1-13-g9f3cf754e1 (webtiles) character file.

Game seed: 17311709191899113650

130 kingofthe the Conjurer (level 4, -1/24 HPs)
             Began as a Deep Elf Conjurer on Jan 22, 2023.
             Slain by a phantom (6 damage)
             ... on level 4 of the Dungeon.
             The game lasted 00:07:22 (3820 turns).

kingofthe the Conjurer (Deep Elf Conjurer)          Turns: 3820, Time: 00:07:23

Health: -1/24      AC:  3    Str:  4    XL:     4   Next: 89%
Magic:  0/11       EV: 13    Int: 23    God:
Gold:   177        SH:  0    Dex: 15    Spells: 4/10 levels left

rFire   . . .      SeeInvis .   a - +3 dagger (drain)
rCold   . . .      Faith    .   (no shield)
rNeg    . . .      Spirit   .   d - +0 robe
rPois   .          Reflect  .   (no helmet)
rElec   .          Harm     .   e - +0 cloak
rCorr   .          Rampage  .   (no gloves)
Will    .....                   (no boots)
Stlth   +++.......              (no amulet)
HPRegen 0.08/turn               (no ring)
MPRegen 0.12/turn               (no ring)

@: no status effects
A: no striking features
a: no special abilities


You were on level 4 of the Dungeon.
You visited 1 branch of the dungeon, and saw 4 of its levels.

You collected 177 gold pieces.

Inventory:

Hand Weapons
 a - a +3 dagger of draining (weapon)
Armour
 d - a +0 robe (worn)
 e - a +0 cloak (worn)
 g - a scarf of invisibility
 r - a +3 ring mail
Magical Staves
 p - a staff of death
 u - a staff of cold
Jewellery
 h - a ring of fire
Scrolls
 f - 4 scrolls of teleportation {unknown}
 i - a scroll of enchant weapon {unknown}
 j - a scroll of noise {unknown}
 k - 4 scrolls of identify {unknown}
 m - a scroll of poison {unknown}
 o - a scroll of silence {unknown}
 q - a scroll of immolation {unknown}
 t - a scroll of enchant armour {unknown}
Potions
 b - 2 potions of magic
 c - 2 potions of heal wounds {unknown}
 l - a potion of cancellation {unknown}
 n - a potion of might {unknown}
 s - a potion of brilliance {unknown}
 v - a potion of haste {unknown}


   Skills:
 * Level 4.1 Dodging
 * Level 4.3 Stealth
 + Level 3.9 Spellcasting
 + Level 4.8 Conjurations


You had 4 spell levels left.
You knew the following spells:

 Your Spells              Type           Power      Damage    Failure   Level
a - Magic Dart            Conj           100%       1d8       1%          1
b - Searing Ray           Conj           52%        2d6       2%          2
c - Conjure Flame         Conj/Fire      15%        6-21      12%         3

Your spell library contained the following spells:

 Spells                   Type           Power      Damage    Failure   Level
 Dazzling Flash           Conj/Hex       30%        N/A       12%         3
 Mephitic Cloud           Conj/Pois/Air  11%        N/A       16%         3
 Ignite Poison            Fire/Tmut/Pois 4%         N/A       32%         3
 Fulminant Prism          Conj/Hex       7%         3d7       36%         4
 Iskenderun's Mystic Bla  Conj/Tloc      15%        2d5       36%         4
 Sticky Flame             Conj/Fire      15%        2d4       36%         4
 Freezing Cloud           Conj/Ice/Air   5%         6-21      83%         5


Dungeon Overview and Level Annotations

Branches:
Dungeon (4/15)
 Temple: D:4-7

Altars:
Gozag
Qazlal
Ru
Wu Jian

Shops:
D:3 (


Message History

The phantom closely misses you.
Without enough magic to sustain it, your searing ray dissipates.
The phantom hits you.
The phantom blinks!
You blink.
A goblin comes into view. It is wielding a +0 dagger.
Found a stone staircase leading down.
Casting: Searing Ray (safe; 2% risk of failure)
Confirm with . or Enter, or press ? or * to list all spells.
You don't have enough magic to cast this spell.
You closely miss the phantom.
The phantom is severely damaged.
The phantom hits you.
You closely miss the phantom.
The phantom is severely damaged.
The goblin shouts!
The phantom closely misses you.
You hit the phantom.
The phantom is almost destroyed.
The phantom hits you.
The phantom blinks!
You blink.
Found 11 gold pieces.
You barely miss the phantom.
The phantom is almost destroyed.
The phantom barely misses you.
Casting: Searing Ray (safe; 2% risk of failure)
Confirm with . or Enter, or press ? or * to list all spells.
Aiming: Magic Dart (safe; 1% risk of failure)
Press: ? - help, Shift-Dir - straight line, f/p - phantom
Aim: a phantom (almost destroyed, 100% to hit)
The magic dart hits the phantom but does no damage.
The phantom is almost destroyed.
The goblin hits you with a +0 dagger. The phantom closely misses you.
You hit the phantom.
The phantom is almost destroyed.
The goblin hits you but does no damage. The phantom completely misses you.
You closely miss the phantom.
The phantom is almost destroyed.
The goblin hits you but does no damage. The phantom hits you.
* * * LOW HITPOINT WARNING * * *
You hit the goblin.
You kill the goblin!
The phantom hits you.
You die...

#.. ##########
##.. ##........
.'... #>.......
#...##.......#
#............#
#...)....)...###
#........W@....#
#.....######...$
#.....# #
#.....# #...!.#
#.# ..# #.....#
#.# ...#
####.##..# #.#
...# .........#
##.#+#...#
####.##.####
#........#


You could see a phantom.

Vanquished Creatures
  3 adders (D:3)
  A worm (D:3)
  2 dart slugs (D:1)
  8 orcs
  7 endoplasms
  2 giant cockroaches
  13 goblins
  5 hobgoblins
  8 jackals (D:2)
  3 kobolds (D:1)
  4 quokkas
  10 ball pythons
  3 bats
  5 frilled lizards
  5 rats
79 creatures vanquished.

Vanquished Creatures (others)
  A plant (D:3)
1 creature vanquished.

Grand Total: 80 creatures vanquished

Notes
Turn   | Place    | Note
-------+----------+-------------------------------------------
     0 | D:1      | kingofthe the Deep Elf Conjurer began the quest for the
                  | Orb.
     0 | D:1      | Reached XP level 1. HP: 10/10 MP: 6/6
   188 | D:1      | Reached XP level 2. HP: 15/15 MP: 0/8
   191 | D:1      | Learned a level 2 spell: Searing Ray
  1097 | D:1      | Reached XP level 3. HP: 19/19 MP: 4/9
  1358 | D:2      | Found a faded altar of an unknown god.
  2325 | D:3      | Found an opulent altar of Gozag.
  2338 | D:3      | Identified the +1 ring mail of Qucuv {Harm}
  2445 | D:3      | Reached XP level 4. HP: 24/24 MP: 9/11
  2866 | D:3      | Found Weoschis's Weapon Shoppe.
  3084 | D:3      | Learned a level 3 spell: Conjure Flame
  3307 | D:3      | Found an ornate altar of the Wu Jian Council.
  3309 | D:3      | Found a sacrificial altar of Ru.
  3533 | D:3      | Found a stormy altar of Qazlal.
  3802 | D:4      | Noticed a phantom
  3820 | D:4      | Slain by a phantom

Illustrated notes

Levels and vault maps discovered:
D:1:      lightli_arrival_lavapool, layout_basic
D:2:      wander_river, layout_loops_cross, ebering_ecumenical_altar_rust,
          corexii_item_surrounded_by_moat
D:3:      layout_loops_ring, marbit_many_paths, mainiacjoe_overflow_catwalk,
          grunt_temple_overflow_open, serial_shops, shop, saegor_snake_ambush
D:4:      layout_basic, hex_medium

Skill      XL: |  1  2  3  4 |
---------------+-------------+-----
Dodging        | 3 4 |  4.1
Stealth        | 3 4 |  4.3
Spellcasting   | |  3.9
Conjurations   | |  4.8

Action                   |  1- 3 |  4- 6 || total
-------------------------+-------+-------++-------
Melee: Dagger            |     4 |    14 ||    18
 Cast: Magic Dart        |    78 |    61 ||   139
       Searing Ray       |     5 |     3 ||     8
Armor: Robe              |     1 |     3 ||     4
Dodge: Dodged            |     6 |    21 ||    27
